 Dungeon Crawl Stone Soup version 0.31-a0-960-g0fca184906 (webtiles) character file.

Game seed: 11650921102491089048

67 Dirtsage the Chopper (level 3, -4/29 HPs)
             Began as a Demonspawn Fighter on Oct 22, 2023.
             Slain by Pikel
             ... wielding a +1 whip of flaming
              (6 damage)
             ... on level 4 of the Dungeon.
             The game lasted 00:01:38 (667 turns).

Dirtsage the Chopper (Demonspawn Fighter)            Turns: 667, Time: 00:01:39

Health: -4/29      AC:  6    Str: 18    XL:     3   Next: 98%
Magic:  3/3        EV: 14    Int:  9    God:
Gold:   23         SH:  4    Dex: 12    Spells: 2/2 levels left

rFire   . . .        a - +0 war axe
rCold   . . .        c - +0 buckler
rNeg    . . .        b - +0 scale mail
rPois   .            (helmet restricted)
rElec   .            (no cloak)
rCorr   .            (no gloves)
SInv    .            (no boots)
Will    .....        (no amulet) Stlth
                     f - +5 ring of evasion
HPRegen 0.24/turn    (no ring)
MPRegen 0.08/turn

%: no passive effects
@: mighty
A: antennae 1, demonic magic 1
a: no special abilities


You were on level 4 of the Dungeon.
You visited 1 branch of the dungeon, and saw 3 of its levels.

You collected 23 gold pieces.

Inventory:

Hand Weapons
 a - a +0 war axe (weapon)
Armour
 b - a +0 scale mail (worn)
 c - a +0 buckler (worn)
Jewellery
 f - a +5 ring of evasion (left hand)
 j - a ring of fire
 k - an amulet of magic regeneration
Scrolls
 e - a scroll of identify {unknown}
 h - a scroll of enchant weapon {unknown}
 i - 2 scrolls of teleportation {unknown}
Potions
 g - 2 potions of brilliance {unknown}


   Skills:
 - Level 3.0 Fighting
 + Level 3.9 Axes
 - Level 2.6 Armour
 - Level 2.6 Shields


You had 2 spell levels left.
You didn't know any spells.
Your spell library contained the following spells:

 Spells                   Type           Power      Damage    Failure   Level
 Magic Dart               Conj           0%         1d3       86%         1
 Call Imp                 Summ           0%         N/A       94%         2
 Mephitic Cloud           Conj/Pois/Air  0%         N/A       99%         3


Dungeon Overview and Level Annotations

Branches:
Dungeon (2/15)

Altars:

Annotations:
D:4 Pikel


Innate Abilities, Weirdness & Mutations

You have a pair of small antennae on your head.
Spells you cast may paralyse adjacent enemies.


Message History

Pikel is moderately wounded.
You closely miss the lemure. You block Pikel's attack.
You closely miss Pikel.
Pikel is moderately wounded.
You slash the lemure!
You kill the lemure!
That felt strangely unrewarding.
You barely miss the lemure. Pikel closely misses you.
The lemure closely misses you.
Pikel hits you with a +1 whip of flaming.
Pikel burns you.
* * * LOW HITPOINT WARNING * * *
The lemure misses you.
You take 5 damage, and have 7/29 hp.
You barely miss Pikel.
Pikel is moderately wounded.
You closely miss the lemure. You slash the lemure!
Pikel hits you with a +1 whip of flaming.
* * * LOW HITPOINT WARNING * * *
Pikel burns you.
* * * LOW HITPOINT WARNING * * *
The lemure hits you.
* * * LOW HITPOINT WARNING * * *
The lemure misses you.
You take 6 damage, and have 1/29 hp.
MASSIVE DAMAGE!!
You closely miss Pikel.
Pikel is moderately wounded.
You slash the lemure! You hit the lemure. Pikel barely misses you.
You block the lemure's attack. The lemure hits you but does no damage.
Unknown command.
You slash Pikel!
Pikel is heavily wounded.
You slash the lemure! You closely miss the lemure.
Pikel says, "Don't tell anyone, but I think Ereshkigal likes me."
Pikel closely misses you. The lemure closely misses you. x2
You slash Pikel!
Pikel is severely wounded.
You slash the lemure! You barely miss the lemure.
Pikel hits you with a +1 whip of flaming.
You die...
Pikel says, "See you in Hell!"

#............#
###............#
...............#
.###.............
........#####+####
........# .
........# ...
........#####.....
####....).@K5.....
#......55......
.................
..................
..................
..................
........####....#.
....... ....#


You could see Pikel and 3 lemures.

Vanquished Creatures
  A lemure (D:4)
  A jelly (D:4)
  A dart slug (D:1)
  2 ball pythons (D:1)
  An endoplasm (D:1)
  4 giant cockroaches (D:1)
  2 goblins
  6 hobgoblins (D:1)
  2 quokkas (D:1)
  5 bats (D:1)
  2 frilled lizards (D:1)
  4 kobolds
  5 rats (D:1)
36 creatures vanquished.

Notes
Turn   | Place    | Note
-------+----------+-------------------------------------------
     0 | D:1      | Dirtsage the Demonspawn Fighter began the quest for the
                  | Orb.
     0 | D:1      | Reached XP level 1. HP: 18/18 MP: 1/1
   109 | D:1      | Gained mutation: You have a pair of small antennae on your
                  | head. [demonic ancestry]
   109 | D:1      | Reached XP level 2. HP: 21/24 MP: 2/2
   355 | D:1      | Gained mutation: Spells you cast may paralyse adjacent
                  | enemies. [demonic ancestry]
   355 | D:1      | Reached XP level 3. HP: 29/29 MP: 3/3
   634 | D:2      | You fall into a shaft and drop 2 floors!
   649 | D:4      | Noticed a lemure
   653 | D:4      | Noticed Pikel
   656 | D:4      | Noticed a lemure
   656 | D:4      | Noticed a lemure
   657 | D:4      | Noticed a lemure
   663 | D:4      | Killed a lemure
   664 | D:4      | HP: 1/29 [lemure[Pikel] (1)]
   667 | D:4      | Slain by Pikel

Illustrated notes

Levels and vault maps discovered:
D:1:      dpeg_arrival_court, layout_rooms
D:2:      layout_rooms, grunt_decor_cap
D:4:      layout_basic, zin_purify, grunt_gozag_statues,
          dancing_weapons_uskayaw, serial_shops, nicolae_shop_tiny_glass,
          uniq_pikel

Skill      XL: |  1  2 |
---------------+-------+-----
Axes           | 2 3 |  3.9
Fighting       | |  3.0
Armour         | |  2.6
Shields        | |  2.6

Action                     || total
---------------------------++-------
  Melee: War axe           ||   123
    Use: Potion            ||     1
 Armour: Scale mail        ||    61
  Dodge: Dodged            ||   110
  Block: Buckler           ||    36

Table legend: (Time is in decaauts)
 A = Elapsed time spent in this place.
 B = Non-inter-level travel time spent in this place.
 C = Inter-level travel time spent in this place.
 D = Time resting spent in this place.
 E = Time spent auto-exploring this place.
 F = Levels seen in this place.
 G = Mean time per level.
                   A        B        C        D        E       F      G
               +--------+--------+--------+--------+--------+-----+--------+
         Total |    715 |    704 |     11 |      0 |    457 |   3 |  238.3 |
       Dungeon |    715 |    704 |     11 |      0 |    457 |   3 |  238.3 |
               +--------+--------+--------+--------+--------+-----+--------+

Top non-repeatable levels by time:
     D:1: 650 daAuts
     D:4: 37 daAuts
     D:2: 27 daAuts
